AoeStats
← Suiram162

Nomad

508594688Analyzed
4v4 RM · 9d ago on Sep 23, 2026· 57m 15s· 8 players
Game mode
Random Map
Map size
231×231
Population
200
Speed
Normal
Resources
Standard
Victory
Conquest
Starting age
Dark Age
Ending age
Imperial Age
RankedLock teamsTeams togetherTeam positionsShared explorationLock speedFull tech treeHidden civsTurbo modeCheats
Victory
Defeat
🇨🇳 Chinese · China
863
+11
🇺🇾 Armenians · Uruguay
858
+11
🇺🇸 Magyars · United States
822
+32
🇨🇱 Saxons · Chile
752
+15
🇩🇪 Vietnamese · Germany
849
-16
🇹🇷 Chinese · Türkiye
764
-13
🇲🇽 Khmer · Mexico
742
-12
🇦🇷 Celts · Argentina
615
-8
murphyrh
4:16 Loom
19:01 Feudal Age
22:26 Castle Age
26:49 Husbandry
37:14 Double-Bit Axe
37:20 Horse Collar
38:38 Bow Saw
38:34 Heavy Plow
38:28 Stone Mining
38:34 Gold Mining
42:39 Town Watch
43:30 Wheelbarrow
44:17 Fortified Wall
45:22 Stone Shaft Mining
45:23 Gold Shaft Mining
45:55 Ballistics
47:32 Hand Cart
47:28 Town Patrol
48:11 Murder Holes
50:43 Caravan
50:55 Scale Barding Armor
50:51 Scale Mail Armor
50:51 Padded Archer Armor
50:42 Fletching
51:04 Forging
55:07 Imperial Age
55:11 Tusk Swords
55:10 Heavy Scorpion
56:56 Chemistry
56:02 Siege Engineers
56:22 Conscription
56:52 Bloodlines
57:25 Double Crossbow
Suiram162
4:38 Loom
15:41 Feudal Age
16:17 Horse Collar
16:24 Double-Bit Axe
17:16 Wheelbarrow
17:21 Gold Mining
19:41 Stone Mining
25:35 Castle Age
26:50 Bow Saw
26:42 Heavy Plow
26:59 Hand Cart
27:21 Stone Shaft Mining
28:25 Thumb Ring
27:41 Crossbowman
28:23 Padded Archer Armor
30:27 Fletching
31:55 Bodkin Arrow
33:05 Pikeman
33:46 Squires
35:06 Elite Skirmisher
36:06 Leather Archer Armor
38:46 Scale Barding Armor
38:55 Forging
46:15 Iron Casting
49:05 Scale Mail Armor
52:31 Imperial Age
50:23 Town Watch
54:31 Two-Man Saw
53:44 Imperial Skirmisher
Farru
12:42 Loom
15:52 Feudal Age
19:02 Double-Bit Axe
18:59 Horse Collar
22:54 Gold Mining
26:03 Castle Age
23:58 Stone Mining
24:56 Forging
29:24 Scale Mail Armor
33:26 Wheelbarrow
36:32 Heavy Plow
43:46 Wheelbarrow
45:05 Bow Saw
48:34 Stone Shaft Mining
OOO4971
3:54 Loom
15:58 Feudal Age
22:43 Castle Age
21:16 Horse Collar
21:24 Double-Bit Axe
23:50 Gold Mining
26:00 Bow Saw
25:53 Heavy Plow
26:05 Town Watch
27:38 Fletching
29:01 Stone Mining
30:34 Wheelbarrow
33:08 Ballistics
35:28 Bodkin Arrow
35:33 Padded Archer Armor
35:42 Scale Barding Armor
35:40 Scale Mail Armor
35:51 Forging
38:12 Squires
37:59 Arson
42:20 Imperial Age
42:24 Leather Archer Armor
42:46 Iron Casting
42:26 Chain Mail Armor
42:24 Elite Chu Ko Nu
42:57 Elite Fire Lancer
46:55 Bracer
47:25 Ring Archer Armor
48:00 Chemistry
49:27 Gold Shaft Mining
52:35 Two-Man Saw
57:00 Plate Mail Armor
57:31 Blast Furnace
SpiderPig
16:15 Feudal Age
21:12 Wheelbarrow
24:46 Double-Bit Axe
27:43 Fishing Lines
28:00 Horse Collar
35:33 Castle Age
43:39 Hand Cart
50:10 Murder Holes
50:32 Murder Holes
53:38 Imperial Age
Carrizuwu
15:59 Feudal Age
17:36 Man-at-Arms
20:23 Double-Bit Axe
21:34 Forging
21:25 Scale Mail Armor
23:27 Scale Mail Armor
26:14 Arson
31:53 Horse Collar
34:25 Castle Age
35:26 Elite Skirmisher
37:40 Fletching
43:25 Bodkin Arrow
43:30 Padded Archer Armor
47:22 Leather Archer Armor
47:34 Thumb Ring
Piringa
15:37 Feudal Age
16:16 Double-Bit Axe
16:22 Gold Mining
18:58 Horse Collar
22:13 Wheelbarrow
22:06 Stone Mining
25:10 Castle Age
26:06 Husbandry
26:17 Bloodlines
30:01 Forging
31:59 Scale Barding Armor
32:30 Iron Casting
34:24 Chain Barding Armor
38:04 Imperial Age
38:29 Cavalier
40:58 Blast Furnace
43:00 Hand Cart
46:14 Crossbowman
46:15 Elite Skirmisher
46:59 Arbalester
50:51 Chemistry
50:12 Ballistics
小菜机
5:50 Loom
15:38 Feudal Age
20:12 Castle Age
18:46 Double-Bit Axe
18:54 Stone Mining
19:05 Fishing Lines
23:17 Bow Saw
23:58 Gold Mining
25:22 Gold Shaft Mining
26:03 Forging
25:54 Scale Mail Armor
33:43 Imperial Age
34:22 Chain Mail Armor
34:43 Iron Casting
37:27 Padded Archer Armor
37:17 Fletching
38:28 Blast Furnace
48:22 Two-Man Saw
47:44 Elite Fire Lancer
54:41 Caravan
Connection lost

Rejoining the realm…

Still unreachable

The connection could not be restored.

Session expired

The server has moved on; the page needs a fresh start.